 Dungeon Crawl Stone Soup version 0.29.0-4-gdea44cf6ec (webtiles) character file.

Game seed: 14895285805411896854

766 Plasmagod the Cleaver (level 7, -4/57 HPs)
             Began as a Hill Orc Monk on Aug 27, 2022.
             Was a Believer of Uskayaw.
             Killed by nerve-wracking pain
             ... invoked by an orc priest
              (12 damage)
             ... on level 6 of the Dungeon.
             The game lasted 00:09:23 (5080 turns).

Plasmagod the Cleaver (Hill Orc Monk)               Turns: 5080, Time: 00:09:24

Health: -4/57      AC: 14    Str: 22    XL:     7   Next: 82%
Magic:  7/7        EV:  6    Int: 10    God:    Uskayaw [**....]
Gold:   320        SH:  0    Dex: 13    Spells: 6/6 levels left

rFire   . . .      SeeInvis .   w - +0 war axe
rCold   . . .      Faith    .   (no shield)
rNeg    . . .      Spirit   .   g - +4 plate armour
rPois   .          Reflect  .   (no helmet)
rElec   .          Harm     .   (no cloak)
rCorr   .          Rampage  .   (no gloves)
Will    .....                   (no boots)
Stlth   ..........              (no amulet)
HPRegen 0.19/turn               h - +6 ring of strength
MPRegen 0.10/turn               (no ring)

@: no status effects
A: no striking features
a: Renounce Religion, Convert to Beogh, Stomp, Line Pass


You were on level 6 of the Dungeon.
You worshipped Uskayaw.
Uskayaw was noncommittal.
You visited 2 branches of the dungeon, and saw 7 of its levels.

You collected 320 gold pieces.

Inventory:

Hand Weapons
 w - a +0 war axe (weapon)
Armour
 g - a +4 plate armour (worn)
Jewellery
 h - a +6 ring of strength (left hand)
 p - a ring of fire
 r - a ring of magical power
Scrolls
 a - a scroll of vulnerability {unknown}
 f - a scroll of immolation {unknown}
 i - a scroll of enchant armour {unknown}
 k - a scroll of brand weapon {unknown}
 l - a scroll of identify
 m - 4 scrolls of teleportation
 q - 2 scrolls of noise {unknown}
 s - a scroll of poison {unknown}
 t - a scroll of fog {unknown}
Potions
 b - 2 potions of mutation {unknown}
 c - a potion of ambrosia
 d - a potion of attraction {unknown}
 e - 2 potions of heal wounds
 j - 2 potions of curing {unknown}
 n - 3 potions of lignification
 o - a potion of might {unknown}
 u - a potion of flight {unknown}
 v - a potion of brilliance {unknown}


   Skills:
 - Level 3.6 Fighting
 + Level 11.6 Axes
 - Level 2.4 Dodging
 - Level 1.5 Stealth


You had 6 spell levels left.
You didn't know any spells.
Your spell library was empty.

Dungeon Overview and Level Annotations

Branches:
Dungeon (6/15)             Temple (1/1) D:4

Altars:
Ashenzari
Cheibriados
Dithmenos
Elyvilon
Fedhas
Nemelex Xobeh
Qazlal
Ru
Trog
Uskayaw
Vehumet
Wu Jian
Xom
Zin
The Shining One

Shops:
D:5 (


Message History

The orc warrior is heavily wounded.
You slash the orc!
You kill the orc!
The orc priest completely misses you.
The orc warrior hits you with a +0 trident.
You can now pass through a line of other dancers.
You closely miss the orc warrior.
The orc warrior is heavily wounded.
The orc priest hits you but does no damage.
The orc warrior hits you with a +0 trident.
* * * LOW HITPOINT WARNING * * *
You hit the orc warrior but do no damage.
The orc warrior is heavily wounded.
The orc priest hits you but does no damage.
The orc warrior hits you but does no damage.
You hit the orc warrior.
The orc warrior is severely wounded.
The orc priest hits you but does no damage.
The orc warrior hits you but does no damage.
You closely miss the orc warrior.
The orc warrior is severely wounded.
The orc priest threatens, "By the altar or by the axe, you will meet Beogh!"
The orc priest closely misses you.
The orc warrior hits you but does no damage.
You hit the orc warrior.
The orc warrior is severely wounded.
The orc priest threatens, "By the altar or by the axe, you will meet Beogh!"
The orc priest hits you but does no damage.
The orc warrior hits you with a +0 trident!
* * * LOW HITPOINT WARNING * * *
The orc priest shouts, "Beogh is our master!
Accept the truth or die!"
You hit the orc warrior but do no damage.
The orc warrior is severely wounded.
You hit the orc warrior but do no damage.
The orc warrior is severely wounded.
The orc warrior hits you with a +0 trident.
* * * LOW HITPOINT WARNING * * *
The orc priest calls down the wrath of Beogh upon you.
Pain shoots through your body!
You die...

.. #..#####............ ... #..#
#.........### #.# ##..###
............# #..#
#.....##>............ ... #
##.....#............. #####.#.###
#...#................
.#.........##..###....#.....##...
....... #..........#####....#....
......#...#....)@..####..........
......#.. #...oo....#.##.........
....... ...............#..##.....
......$ ...........##.....#.##...
.#..## ..#..........##.......####
.#...#...#.....>.....#......##
.................#...<#######
.....(..........)......#
......................##


You could see an orc warrior and an orc priest.

Vanquished Creatures
  Grinder (D:3)
  A water moccasin (D:5)
  2 scorpions
  A howler monkey (D:5)
  An orc priest (D:4)
  4 orc wizards
  4 adders
  2 white imps
  An ufetubus (D:4)
  6 worms
  22 orcs
  6 endoplasms
  7 giant cockroaches
  2 goblins
  5 hobgoblins
  8 jackals
  4 kobolds
  4 quokkas
  7 ball pythons
  2 bats (D:2)
  A frilled lizard (D:2)
  2 rats
93 creatures vanquished.

Vanquished Creatures (others)
  3 plants (D:3)
3 creatures vanquished.

Grand Total: 96 creatures vanquished

Notes
Turn   | Place    | Note
-------+----------+-------------------------------------------
     0 | D:1      | Plasmagod the Hill Orc Monk began the quest for the Orb.
     0 | D:1      | Reached XP level 1. HP: 19/19 MP: 1/1
   368 | D:1      | You fall into a shaft and drop 1 floor!
   392 | D:2      | Reached XP level 2. HP: 25/26 MP: 2/2
   688 | D:1      | Reached skill level 5 in Axes
   940 | D:2      | Reached XP level 3. HP: 23/31 MP: 3/3
  1089 | D:2      | Found a broken altar of Ashenzari.
  1486 | D:2      | Reached skill level 6 in Axes
  1507 | D:2      | Found a faded altar of an unknown god.
  1913 | D:3      | Reached XP level 4. HP: 34/39 MP: 4/4
  1983 | D:3      | Noticed Grinder
  2029 | D:3      | Killed Grinder
  2030 | D:3      | Reached skill level 8 in Axes
  2030 | D:3      | Reached XP level 5. HP: 28/45 MP: 5/5
  2030 | D:3      | Reached XP level 6. HP: 31/51 MP: 6/6
  2369 | D:3      | Reached skill level 9 in Axes
  2777 | D:4      | Found a staircase to the Ecumenical Temple.
  2785 | Temple   | Entered the Ecumenical Temple
  2790 | Temple   | Became a worshipper of Uskayaw the Reveller
  2790 | Temple   | Reached * piety under Uskayaw
  2948 | D:4      | Found an ornate altar of the Wu Jian Council.
  2966 | D:4      | Reached ** piety under Uskayaw
  2968 | D:4      | Reached *** piety under Uskayaw
  3312 | D:4      | Reached skill level 10 in Axes
  3394 | D:4      | Found a sacrificial altar of Ru.
  3398 | D:4      | Found a white marble altar of Elyvilon.
  3449 | D:4      | Found a glowing silver altar of Zin.
  3459 | D:4      | Found a shadowy altar of Dithmenos.
  3464 | D:4      | Found a bloodstained altar of Trog.
  3609 | D:5      | Entered Level 5 of the Dungeon
  3643 | D:5      | Reached XP level 7. HP: 41/57 MP: 7/7
  3717 | D:5      | Found Pish's Antique Weapon Shoppe.
  3861 | D:5      | Reached skill level 11 in Axes
  5080 | D:6      | Killed from afar by an orc priest

Illustrated notes

Levels and vault maps discovered:
D:1:      scummos_arrival_hexagon, layout_basic, serial_park_tiny_1,
          dreamdust_princess_corridor, dreamdust_wishing_well
D:2:      layout_rooms, basic_altar, hellmonk_ecumenical_altar_arch_garden,
          chequers_serial_rivers_micro_a, lightli_corner_chamber
D:3:      layout_basic, serial_bayou_lagoon_b, uniq_grinder
D:4:      layout_cave_pools, nicolae_overflow_hidden_temple,
          nicolae_wu_jian_wuxing_cycle, minmay_temple_entry_tees,
          nicolae_wormholes
D:5:      layout_loops_ring, nrook_campfire, nicolae_stop_n_shop_1
D:6:      minmay_recursive_quarters, layout_cave_pools,
          makhleb_blood_cavern_becter, lemuel_zombie_altar_yredelemnul
Temple:   hellmonk_temple_micro_hex

Skill      XL: |  1  2  3  4  5  6  7 |
---------------+----------------------+-----
Axes           | 5 6 8 10 11 | 11.6
Fighting       | |  3.6
Dodging        | |  2.4
Stealth        | |  1.5

Action                   |  1- 3 |  4- 6 |  7- 9 || total
-------------------------+-------+-------+-------++-------
Melee: Hand axe          |   139 |   192 |       ||   331
       Punch             |     1 |     3 |     2 ||     6
       War axe           |       |       |    84 ||    84
Invok: Stomp             |       |     2 |       ||     2
  Use: Potion            |       |     1 |       ||     1
       Scroll            |       |       |     3 ||     3
 Stab: Sleeping          |     1 |       |       ||     1
       Paralysed         |       |     3 |       ||     3
Armor: Robe              |     7 |       |       ||     7
       Plate armour      |    82 |    97 |    54 ||   233
Dodge: Dodged            |    55 |    42 |    22 ||   119
